 Dungeon Crawl Stone Soup version 0.30.1-4-g462c640d31 (webtiles) character file.

Game seed: 9770506151222193139

590 arthad the Ruffian (level 7, 0/62 HPs)
             Began as a Ghoul Monk on Aug 24, 2023.
             Was a Believer of Wu Jian.
             Slain by Crazy Yiuf
             ... wielding a +2 quarterstaff of chaos
              (2 damage)
             ... while petrified by Crazy Yiuf
             ... on level 4 of the Dungeon.
             The game lasted 00:05:50 (3481 turns).

arthad the Ruffian (Ghoul Monk)                     Turns: 3481, Time: 00:05:50

Health: 0/62       AC:  2    Str: 17    XL:     7   Next: 38%
Magic:  0/6        EV:  2    Int:  5    God:    Wu Jian [**....]
Gold:   154        SH:  0    Dex: 17    Spells: 6/6 levels left

rFire   . .          .
                       - Unarmed
rCold   + . .        c - orb {light}
rNeg    + + +        a - +0 robe
rPois   ∞            (no helmet)
rElec   .            (no cloak)
rCorr   .            (no gloves)
SInv    .            (no boots)
Will    .....        l - amulet of guardian spirit
Stlth   +            d - ring of flight
HPRegen 0.00/turn    u - +6 ring of dexterity
MPRegen 0.10/turn

%: guardian spirit
@: petrified, flying, inhibited regen, glowing
A: claws 1, cold resistance 1, negative energy resistance 3, inhibited
regeneration, torment resistance 2, devour on kill
a: Renounce Religion, Wall Jump


You were on level 4 of the Dungeon.
You worshipped Wu Jian.
Wu Jian was pleased with you.
You visited 1 branch of the dungeon, and saw 4 of its levels.

You collected 154 gold pieces.

Inventory:

Missiles
 q - 5 poisoned darts (quivered)
Armour
 a - a +0 robe (worn)
 c - an orb of light (worn)
Magical Staves
 j - a staff of air
Jewellery
 d - a ring of flight (left claw)
 l - an amulet of guardian spirit (around neck)
 u - a +6 ring of dexterity (right claw)
Wands
 b - a wand of flame (3)
 o - a wand of paralysis (5)
Scrolls
 e - a scroll of magic mapping {unknown}
 f - a scroll of enchant weapon {unknown}
 h - 2 scrolls of fear {unknown}
 i - a scroll of enchant armour {unknown}
 k - 6 scrolls of identify {unknown}
 m - a scroll of fog {unknown}
 n - a scroll of noise {unknown}
 p - 2 scrolls of torment {unknown}
 r - a scroll of teleportation {unknown}
 s - a scroll of brand weapon {unknown}
 t - a scroll of blinking {unknown}
Potions
 g - a potion of lignification {unknown}
 v - a potion of cancellation {unknown}


   Skills:
 * Level 5.7 Fighting
 + Level 2.1 Armour
 + Level 4.2 Dodging
 * Level 5.9 Unarmed Combat


You had 6 spell levels left.
You didn't know any spells.
Your spell library contained the following spells:

 Spells                   Type           Power      Damage    Failure   Level
 Ensorcelled Hibernation  Hex/Ice        0%         N/A       63%         2
 Poisonous Vapours        Pois/Air       0%         N/A       63%         2
 Gell's Gravitas          Tloc           0%         N/A       85%         3
 Mephitic Cloud           Conj/Pois/Air  0%         N/A       85%         3
 Teleport Other           Tloc           0%         N/A       85%         3
 Anguish                  Hex/Necr       0%         N/A       99%         4
 Freezing Cloud           Conj/Ice/Air   0%         6-21      100%        5
 Dispersal                Tloc           0%         N/A       100%        6
 Spider Form              Tmut/Pois      Unusable   N/A       N/A         3

Dungeon Overview and Level Annotations

Branches:
Dungeon (4/15)
 Temple: D:4-7

Altars:
Uskayaw
Wu Jian

Annotations:
D:4 Crazy Yiuf


Innate Abilities, Weirdness & Mutations

You are immune to poison.
You have sharp fingernails.
Your flesh is cold resistant. (rC+)
You are immune to negative energy. (rN+++)
You do not regenerate when monsters are visible.
You are immune to unholy pain and torment.
You thrive by killing the living.


Message History

Crazy Yiuf is moderately wounded.
Crazy Yiuf completely misses you.
You completely miss Crazy Yiuf.
Crazy Yiuf is moderately wounded.
Crazy Yiuf hits you with a +2 quarterstaff of chaos!
You scratch Crazy Yiuf but do no damage.
Crazy Yiuf is moderately wounded.
Crazy Yiuf whimpers, "Castle hand sallow!"
Crazy Yiuf hits you with a +2 quarterstaff of chaos!
You are slowing down.
Aiming: Wall Jump
Press: ? - help, Dir - move target You repeatedly attack Crazy Yiuf from above.
You scratch Crazy Yiuf but do no damage.
Crazy Yiuf is moderately wounded.
You claw Crazy Yiuf!
Crazy Yiuf is severely wounded.
Crazy Yiuf hits you with a +2 quarterstaff of chaos.
You feel your power leaking away. Crazy Yiuf completely misses you.
Crazy Yiuf hits you with a +2 quarterstaff of chaos!
Crazy Yiuf burns you.
You have turned to stone.
Crazy Yiuf laughs, "Whippet hand sizzlefizz!"
Crazy Yiuf hits you with a +2 quarterstaff of chaos!
You resist with some effort.
Crazy Yiuf hits you with a +2 quarterstaff of chaos! x2
Crazy Yiuf burns you.
* * * LOW HITPOINT WARNING * * *
Crazy Yiuf glowers.
Crazy Yiuf hits you with a +2 quarterstaff of chaos!
* * * LOW HITPOINT WARNING * * *
Crazy Yiuf hits you with a +2 quarterstaff of chaos!
* * * LOW HITPOINT WARNING * * *
You feel your power leaking away.
Crazy Yiuf hits you with a +2 quarterstaff of chaos!
* * * LOW HITPOINT WARNING * * *
Crazy Yiuf burns you.
* * * LOW HITPOINT WARNING * * *
Crazy Yiuf hits you with a +2 quarterstaff of chaos.
You die...

# ######'##
#P..P# #
#[......#
##.P.#
####.......#
##.##
#..'.......#
##.#
##.#[#.#...#
#.##
......>....#
##.#
.#.#.#.###.#
#.##
........##[#
##g##
##.#.#.#...#
#.@.#
#.......#..#
#...#
.#)#.#.#.>.#
#)..#
........#..#
#####
.#.#.#.#...#
.....[.....#
.#.#.#.#...#
...........#
##.#.#.#...#


You could see Crazy Yiuf.

Vanquished Creatures
  Sigmund (D:2)
  2 scorpions (D:4)
  A jelly (D:4)
  2 hounds
  An iguana (D:4)
  Terence (D:2)
  An orc wizard (D:4)
  A gnoll (D:1)
  4 adders
  3 worms (D:2)
  2 dart slugs (D:4)
  5 orcs (D:4)
  9 ball pythons
  15 bats
  8 endoplasms
  5 giant cockroaches
  11 hobgoblins
  9 kobolds
  A quokka (D:1)
  4 frilled lizards
  8 goblins
  5 rats
99 creatures vanquished.

Notes
Turn   | Place    | Note
-------+----------+-------------------------------------------
     0 | D:1      | arthad the Ghoul Monk began the quest for the Orb.
     0 | D:1      | Reached XP level 1. HP: 19/19 MP: 0/0
    44 | D:1      | Reached XP level 2. HP: 21/26 MP: 1/1
   324 | D:1      | Reached XP level 3. HP: 33/33 MP: 2/2
   490 | D:1      | Found a faded altar of an unknown god.
   995 | D:2      | Noticed Sigmund
  1101 | D:2      | Reached XP level 4. HP: 37/40 MP: 3/3
  1460 | D:2      | Noticed Terence
  1470 | D:2      | Killed Terence
  1801 | D:2      | Killed Sigmund
  1802 | D:2      | Reached skill level 5 in Fighting
  1802 | D:2      | Reached skill level 1 in Armour
  1802 | D:2      | Reached skill level 5 in Unarmed Combat
  1802 | D:2      | Reached XP level 5. HP: 35/48 MP: 4/4
  1802 | D:2      | Reached XP level 6. HP: 41/56 MP: 5/5
  3003 | D:4      | Reached XP level 7. HP: 60/61 MP: 6/6
  3051 | D:4      | Found a runed translucent door.
  3052 | D:4      | Noticed Crazy Yiuf
  3225 | D:4      | Found an ornate altar of the Wu Jian Council.
  3228 | D:4      | Found a hide-covered altar of Uskayaw.
  3250 | D:4      | Became a worshipper of the Wu Jian Council
  3250 | D:4      | Reached * piety under Wu Jian
  3250 | D:4      | Reached ** piety under Wu Jian
  3480 | D:4      | HP: 2/62 [Crazy Yiuf/+2 quarterstaff of chaos (2)]
  3481 | D:4      | Slain by Crazy Yiuf

Illustrated notes

Levels and vault maps discovered:
D:1:      matt_arrival_grand_opening, layout_basic,
          shapermc_ecumenical_altar_mp_vishouse
D:2:      minmay_recursive_quarters, layout_basic, grunt_ministairs_12,
          chequers_serial_rivers_large_b, uniq_terence, uniq_sigmund
D:3:      layout_loops_cross, roderic_batcave
D:4:      layout_basic, nicolae_overflow_squiral, serial_bayou_lagoon_a,
          st_stairs_12, minmay_bent, uniq_crazy_yiuf_cottage

Skill      XL: |  1  2  3  4  5  6  7 |
---------------+----------------------+-----
Dodging        | 3 4 |  4.2
Fighting       | 4 5 |  5.7
Unarmed Combat | 4 5 |  5.9
Armour         | 1 2 |  2.1

Action                     |  1- 3 |  4- 6 |  7- 9 || total
---------------------------+-------+-------+-------++-------
  Melee: Unarmed           |    96 |   155 |    46 ||   297
Ability: Wall Jump         |       |       |     1 ||     1
    Use: Potion            |       |     3 |       ||     3
 Armour: Robe              |    12 |    31 |     3 ||    46
  Dodge: Dodged            |    57 |    88 |    23 ||   168
